Description

Proxy Nexus (Dark Templar Recall)

Plastic League build. Break the opponent's brain. It did work in GSL, but I'm not sure if I should even recommend it. After the DT's, if you don't win the game, I would recommend trying to take your natural and build a few archons for defense, get chargelots, then start teching to your main AOE.

VOD

https://youtu.be/QmAa8hlyJdA

Replay - Proxy NEXUS vs Terran | Guide

Build Order

Get SALT Encoding   

  12  0:04  Probe  
  13  0:16  Probe  
  13  0:20  Pylon  
  14  0:28  Probe (Chrono Boost)  
  15  0:40  Probe (Chrono Boost), Gateway  
  16  0:45  Assimilator  
  16  0:48  Probe (Chrono Boost)  
  17  0:54  Probe  
  18  1:06  Probe  
  19  1:18  Probe  
  20  1:27  Cybernetics Core  
  20  1:29  Zealot  
  20  1:32  Probe  
  23  1:38  Pylon  
  23  1:55  Nexus  
  23  2:04  Adept (Chrono Boost)  
  23  2:08  Warp Gate  
  25  2:26  Adept  
  27  2:38  Nexus  
  27  2:42  Twilight Council  
  27  2:50  Assimilator  
  27  2:51  Probe  
  27  3:11  Probe x2  
  27  3:26  Probe  
  28  3:27  Dark Shrine  
  28  3:34  Stalker  
  28  3:38  Probe  
  28  3:40  Gateway  
  31  3:50  Probe x2 (Chrono Boost)  
  33  3:59  Probe x3 (Chrono Boost)  
  35  4:04  Probe (Chrono Boost)  
  37  4:16  Probe x2 (Chrono Boost)  
  39  4:17  Stalker  
  39  4:19  Pylon x2  
  41  4:27  Probe x3 (Chrono Boost)  
  43  4:33  Probe (Chrono Boost)  
  45  4:42  Dark Templar x2  
  45  4:44  Probe x2  
  50  4:46  Robotics Facility  
  51  4:56  Probe x2  
  53  5:08  Probe x2  
  53  5:09  Forge  
  55  5:19  Nexus  
Spawning Tool Build Advisor. Get it on Overwolf

Analysis

I'd do this like 1 in 5 PvT's at MOST and only on the shorter maps. Don't do it consistently.

Go to:

Details

  • Created by: Texturace
  • Published on: May 15, 2020
  • Modified on: Jun 15, 2020
  • Patch: 4.11.0
  • Difficulty: Easy
Show
View Real Time Build Order
Export as new Build Order

Comments (0)

There are no comments. Be the first!

Create an account to comment!